 Dungeon Crawl Stone Soup version 0.30-a0-422-g946f4849ff (webtiles) character file.

Game seed: 10653954564305943859

2483 retardedninja the Protected (level 9, -1/79 HPs)
             Began as a Hill Orc Fighter on Dec 8, 2022.
             Killed from afar by an orc wizard (7 damage)
             ... with a puff of flame
             ... on level 6 of the Dungeon.
             The game lasted 00:11:14 (6805 turns).

retardedninja the Protected (Hill Orc Fighter)      Turns: 6805, Time: 00:11:15

Health: -1/79      AC: 11    Str: 23    XL:     9   Next: 52%
Magic:  9/9        EV:  9    Int:  8    God:
Gold:   271        SH:  5    Dex: 10    Spells: 8/8 levels left

rFire   . . .      SeeInvis .    a - +1 war axe
rCold   . . .      Faith    .    c - +0 buckler
rNeg    . . .      Spirit   .    b - +0 scale mail
rPois   .          Reflect  .    l - +0 helmet
rElec   .          Harm     .    (no cloak)
rCorr   .          Rampage  .    (no gloves)
Will    .....                    d - +0 pair of boots
Stlth   ..........               (no amulet)
HPRegen 0.33/turn                (no ring)
MPRegen 0.11/turn                (no ring)

@: on berserk cooldown, slowed, studying Armour, very slow
A: MP-powered wands, noise suppression
a: Convert to Beogh


You were on level 6 of the Dungeon.
You visited 1 branch of the dungeon, and saw 6 of its levels.

You collected 271 gold pieces.

Inventory:

Hand Weapons
 a - a +1 war axe (weapon)
 o - a +0 club
Armour
 b - a +0 scale mail (worn)
 c - a +0 buckler (worn)
 d - a +0 pair of boots (worn)
 l - a +0 helmet (worn)
Jewellery
 w - an amulet of faith
Wands
 i - a wand of roots (5)
 q - a wand of light (13)
Scrolls
 e - a scroll of magic mapping
 f - 2 scrolls of teleportation
 g - 2 scrolls of vulnerability
Potions
 h - a potion of brilliance
 j - a potion of curing {unknown}
 k - a potion of resistance
 v - a potion of attraction


   Skills:
 + Level 7.2 Fighting
 * Level 9.2 Axes
 + Level 3.6 Throwing
 * Level 9.4 Armour
 + Level 6.6 Shields


You had 8 spell levels left.
You didn't know any spells.
Your spell library contained the following spells:

 Spells                   Type           Power      Damage    Failure   Level
 Apportation              Tloc           0%         N/A       77%         1
 Gell's Gravitas          Tloc           0%         N/A       98%         3
 Lesser Beckoning         Tloc           0%         N/A       98%         3
 Teleport Other           Tloc           0%         N/A       98%         3
 Alistair's Intoxication  Tmut/Pois      0%         N/A       100%        5


Dungeon Overview and Level Annotations

Branches:
Dungeon (6/15)
 Temple: D:4-7

Altars:
Elyvilon


Innate Abilities, Weirdness & Mutations

You expend magic power (3 MP) to strengthen your wands.
You passively dampen the noise of your surroundings.


Message History

Duvessa hits you with a +0 short sword.
Unknown command.
You completely miss Duvessa.
Duvessa is almost dead.
You block Duvessa's attack.
Unknown command.
You slash Duvessa!
Duvessa is almost dead.
Duvessa hits you with a +0 short sword.
Unknown command.
You hit Duvessa.
You kill Duvessa!
Unknown command.
i - a wand of roots (5)
Things that are here:
a +0 short sword; a +0 leather armour; the elf corpse of Duvessa Unknown command.
You feel a strong urge to attack something.
There is a stone staircase leading down, spattered with blood here.
You are no longer berserk.
You are exhausted.
You feel yourself slow down.
You climb downwards.
The centaur shoots an arrow.
The arrow hits you.
The centaur shoots an arrow.
The arrow hits you.
The orc wizard points at you and mumbles some strange words.
The puff of flame hits you.
The orc priest looks encouraged for a moment.
The centaur shoots an arrow.
The arrow barely misses you. The orc wizard casts a spell at you.
The magic dart hits you.
* * * LOW HITPOINT WARNING * * *
The centaur shoots an arrow.
The arrow hits you.
* * * LOW HITPOINT WARNING * * *
x2
There is a stone staircase leading up here.
The centaur shoots an arrow.
The arrow hits you.
* * * LOW HITPOINT WARNING * * *
x2 The centaur shoots an arrow.
You block the arrow. The orc wizard casts a spell at you.
The puff of flame hits you!
You die...

.... .... .###...
#... #......##...
#......#.. ....
##........####....
.#.......... ......
..[$......## ......
#.....@..##....c.
###.....oo.........
.................$.
....c........!.....
.................#.
..#.........#..$##
. #...........#....
##..........# ...
...........).......


You could see a centaur, an orc priest and an orc wizard.

Vanquished Creatures
  Pikel (D:5)
  Prince Ribbit (D:5)
  Grinder (D:5)
  Sigmund (D:2)
  Duvessa (D:5)
  An ice beast (D:5)
  A phantom (D:4)
  Blork the orc (D:6)
  A necrophage (D:5)
  6 scorpions
  Dowan (D:5)
  2 jellies
  A hound (D:5)
  A gnoll bouda (D:4)
  Natasha (thrice) (D:2)
  An orc wizard (D:5)
  Ijyb (D:5)
  3 iguanas (D:5)
  15 gnolls
  8 adders
  A shadow imp (D:5)
  3 ufetubi
  2 worms
  2 dart slugs
  8 orcs
  11 ball pythons
  7 endoplasms
  5 giant cockroaches
  12 goblins
  9 hobgoblins
  4 jackals (D:1)
  9 kobolds
  5 quokkas
  5 bats
  3 frilled lizards
  6 rats
143 creatures vanquished.

Notes
Turn   | Place    | Note
-------+----------+-------------------------------------------
     0 | D:1      | retardedninja the Hill Orc Fighter began the quest for the
                  | Orb.
     0 | D:1      | Reached XP level 1. HP: 19/19 MP: 1/1
   166 | D:1      | Reached XP level 2. HP: 26/27 MP: 2/2
   455 | D:1      | Reached XP level 3. HP: 33/33 MP: 3/3
  1250 | D:2      | Reached XP level 4. HP: 40/40 MP: 4/4
  1378 | D:2      | Noticed Sigmund
  1386 | D:2      | Killed Sigmund
  1387 | D:2      | Reached skill level 5 in Fighting
  1387 | D:2      | Reached XP level 5. HP: 48/48 MP: 5/5
  1387 | D:2      | Reached XP level 6. HP: 56/56 MP: 6/6
  1408 | D:2      | Noticed Natasha
  1411 | D:2      | Killed Natasha
  1490 | D:2      | Found a faded altar of an unknown god.
  1589 | D:2      | Reached skill level 5 in Axes
  1719 | D:2      | Noticed Natasha
  1724 | D:2      | Killed Natasha
  2190 | D:2      | Noticed Natasha
  2201 | D:2      | Killed Natasha
  2388 | D:3      | Reached XP level 7. HP: 54/61 MP: 7/7
  2549 | D:3      | Reached skill level 1 in Throwing
  2549 | D:3      | Reached skill level 5 in Shields
  2562 | D:3      | Found a white marble altar of Elyvilon.
  3399 | D:4      | Reached skill level 5 in Armour
  4614 | D:4      | Identified a scroll of acquirement
  4614 | D:4      | Acquired a manual of Armour
  4620 | D:5      | Entered Level 5 of the Dungeon
  4662 | D:5      | Reached XP level 8. HP: 45/70 MP: 8/8
  5576 | D:5      | Noticed Prince Ribbit
  5612 | D:5      | Killed Prince Ribbit
  5739 | D:5      | Noticed Ijyb
  5739 | D:5      | Noticed Grinder
  5747 | D:5      | Killed Ijyb
  5754 | D:5      | Paralysed by Grinder for 2 turns
  5760 | D:5      | Paralysed by Grinder for 4 turns
  5773 | D:5      | Gained mutation: You passively dampen the noise of your
                  | surroundings. [potion of mutation]
  5773 | D:5      | Gained mutation: You expend magic power (3 MP) to
                  | strengthen your wands. [potion of mutation]
  5788 | D:5      | Paralysed by Grinder for 5 turns
  5795 | D:5      | Killed Grinder
  5904 | D:5      | Reached XP level 9. HP: 67/78 MP: 9/9
  5950 | D:5      | Noticed Pikel
  5963 | D:5      | Killed Pikel
  6366 | D:6      | Noticed Blork the orc
  6372 | D:6      | Killed Blork the orc
  6373 | D:6      | Noticed Dowan
  6379 | D:6      | Noticed Duvessa
  6792 | D:5      | Killed Dowan
  6799 | D:5      | Killed Duvessa
  6805 | D:6      | Killed from afar by an orc wizard

Illustrated notes

Levels and vault maps discovered:
D:1:      dpeg_cavernosity, layout_basic, minmay_fountain_box
D:2:      layout_rooms, hellmonk_ecumenical_altar_lost_god, minmay_bisected,
          uniq_natasha, uniq_sigmund
D:3:      layout_basic, lemuel_tele_altar, minmay_misc_feat_nine_boxes,
          roderic_roman_lattice, kennysheep_generic_room_8
D:4:      layout_basic
D:5:      layout_basic, uniq_pikel, uniq_grinder, uniq_ijyb, uniq_prince_ribbit1
D:6:      layout_cave_pools, general_overflow_altar, uniq_duvessa,
          uniq_blork_the_orc

Skill      XL: |  1  2  3  4  5  6  7  8  9 |
---------------+----------------------------+-----
Axes           | 3 4 5 6 8 9 |  9.2
Fighting       | 4 5 6 7 |  7.2
Armour         | 4 5 8 9 |  9.4
Shields        | 4 5 6 |  6.6
Throwing       | 2 3 |  3.6

Action                   |  1- 3 |  4- 6 |  7- 9 || total
-------------------------+-------+-------+-------++-------
Melee: War axe           |   100 |   112 |   259 ||   471
  Use: Potion            |       |     1 |    16 ||    17
       Scroll            |       |       |    10 ||    10
Armor: Scale mail        |    49 |    49 |   149 ||   247
       Skin              |       |       |    11 ||    11
Dodge: Dodged            |    47 |    68 |   149 ||   264
Block: Buckler           |    25 |    33 |    76 ||   134

Table legend: (Time is in decaauts)
 A = Elapsed time spent in this place.
 B = Non-inter-level travel time spent in this place.
 C = Inter-level travel time spent in this place.
 D = Time resting spent in this place.
 E = Time spent auto-exploring this place.
 F = Levels seen in this place.
 G = Mean time per level.
                   A        B        C        D        E       F      G
               +--------+--------+--------+--------+--------+-----+--------+
         Total |   6880 |   6802 |     78 |   1874 |   3520 |   6 | 1146.7 |
       Dungeon |   6880 |   6802 |     78 |   1874 |   3520 |   6 | 1146.7 |
               +--------+--------+--------+--------+--------+-----+--------+

Top non-repeatable levels by time:
     D:5: 1810 daAuts
     D:4: 1371 daAuts
     D:3: 1322 daAuts
     D:2: 1262 daAuts
     D:1: 1082 daAuts
     D:6: 31 daAuts
